 Dungeon Sprint DCSS version 0.20-a0-61-ga1b20b4 (webtiles) character file.

10 Faca the Shield-Bearer (level 2, -6/25 HPs)
             Began as a Formicid Fighter on Nov 18, 2016.
             Mangled by Menkaure (11 damage)
             ... in the Dungeon (Sprint II: "The Violet Keep of Menkaure").
             The game lasted 00:02:14 (304 turns).

Faca the Shield-Bearer (Formicid Fighter)            Turns: 304, Time: 00:02:15

Health: -6/25      AC:  7    Str: 20    XL:     2   Next: 30%
Magic:  2/2        EV:  8    Int:  7    God:
Gold:   243        SH:  9    Dex: 10    Spells: 0 memorised, 1 level left

rFire  . . .     SeeInvis +     a - +0 long sword
rCold  . . .     Gourm    .     b - +0 scale mail
rNeg   . . .     Faith    .     c - +0 shield
rPois  .         Spirit   .     (helmet unavailable)
rElec  .         Reflect  .     (no cloak)
rCorr  .         Harm     .     (no gloves)
MR     .....                    (no boots)
Stlth  ..........               (no amulet)
                                (no ring)
                                (no ring)

@: no status effects
A: permanent stasis, dig shafts and tunnels, four strong arms, antennae 3
a: Dig


You were in the Dungeon.
You were not hungry.

You visited 1 branch You collected 243 gold pieces.

Inventory:

Hand Weapons
 a - a +0 long sword (weapon)
Armour
 b - a +0 scale mail (worn)
 c - a +0 shield (worn)
Scrolls
 k - a scroll of blinking
Potions
 d - a potion of might
 e - a potion of curing
 g - a potion of heal wounds
 h - a potion of haste
 i - 2 potions of magic
 j - a potion of berserk rage
Comestibles
 f - a bread ration


   Skills:
 + Level 4.0 Fighting
 + Level 2.2 Long Blades
 + Level 4.2 Armour
 + Level 4.7 Shields


You had one spell level left.
You didn't know any spells.

Dungeon Overview and Level Annotations

Branches:
Dungeon (1/1)

Altars:

Shops:
D ?:=[!*=!!%}=[

Annotations:
D exclusion: oklob plant, Menkaure


Innate Abilities, Weirdness & Mutations

You are under a permanent stasis effect.
You can dig through walls and to a lower floor.
Your four strong arms can wield two-handed weapons with a shield.
You have a pair of large antennae on your head. (SInv)


Message History

Menkaure shouts!
The shining eye turns its gaze towards you.
Found Otaam's Book Shop and Usches's Magic Scroll Boutique.
There is an open door here.
You enter the shallow water.
Moving in this stuff is going to be slow.
You close the door.
The shining eye pulsates ominously.
Menkaure splashes around in the water.
You hit Menkaure.
Menkaure is moderately damaged.
Menkaure calls on the powers of darkness!
Your body is wracked with pain!
Menkaure hits you!
* * * LOW HITPOINT WARNING * * *
You are too injured to fight recklessly!
You are too injured to fight recklessly!
You are too injured to fight recklessly!
Your unstable footing causes you to fumble your attack.
Menkaure hits you!
You die... ≈## ########≈≈#+++# ########≈≈≈.... { .......#≈≈≈≈.## ## { ..⌠....#≈≈≈≈##. .## .∩.∩...#≈≈≈≈ {. .. ∩.∩.∩..#≈M# w#w

# .∩.∩.∩.#@# { #+#
.# ∩...∩.∩#≈# {
##.##H#{ .....∩.+≈+
+.<.+# ......∩#≈# {
##.##H#{
▓▓▓▓▓###≈##{ #'##
.#
GG######≈≈#####..##
# .G ##≈≈≈#.##..# ≈
P { #+#≈##†#.## ≈≈≈
{ {#≈≈##'##≈≈§§≈


You could see 2 shining eyes and Menkaure.

Vanquished Creatures
  3 worms (D)
3 creatures vanquished.

Vanquished Creatures (others)
  A crocodile (D)
1 creature vanquished.

Grand Total: 4 creatures vanquished

Notes
Turn   | Place    | Note
-------+----------+-------------------------------------------
     0 | D        | Faca the Formicid Fighter began the quest for the Orb.
     0 | D        | Reached XP level 1. HP: 18/18 MP: 1/1
     3 | D        | Noticed a tyrant leech
     3 | D        | Noticed a tyrant leech
     7 | D        | Noticed a hippogriff
     7 | D        | Noticed a hippogriff
    24 | D        | Reached XP level 2. HP: 5/25 MP: 2/2
   214 | D        | Killed a crocodile
   276 | D        | Noticed an orange crystal statue
   288 | D        | Found Siur's Antique Armour Shop.
   289 | D        | Found Gan Ebb's Gadget Boutique.
   289 | D        | Found Enkihyum's Jewellery Boutique.
   291 | D        | Found Posog's Distillery.
   291 | D        | Found Zaptepan's Food Shop.
   292 | D        | Found Okhliot's Jewellery Boutique.
   292 | D        | Found Item's Distillery.
   293 | D        | Found Arphokh's Distillery.
   294 | D        | Found Elaprif's Antique Armour Shop.
   294 | D        | Found Zucuuz's General Store.
   294 | D        | Found Silar's Jewellery Boutique.
   298 | D        | Found Otaam's Book Shop.
   298 | D        | Found Usches's Magic Scroll Boutique.
   298 | D        | Noticed Menkaure
   298 | D        | Noticed a shining eye
   298 | D        | Noticed a shining eye
   298 | D        | Noticed a shining eye
   298 | D        | Noticed an oklob plant
   304 | D        | Mangled by Menkaure

Vault maps used:
D:        the_violet_keep_of_menkaure

Skill      XL: |  1  2 |
---------------+-------+-----
Shields        | 4 |  4.7
Armour         | 4 |  4.2
Fighting       | 4 |  4.0
Long Blades    | |  2.2

Action                   || total
-------------------------++-------
Melee: Long sword        ||    15
Armor: Scale mail        ||     2
Dodge: Dodged            ||     1
Block: Shield            ||     3
